Map: Ascension to Aiur LE

Players

Smetanka

  • Race: Protoss Protoss
  • League: Silver
  • Spawn Location: 5:00

Aizo - Winner!

  • Race: Terran Terran
  • League: Silver
  • Spawn Location: 11:00

VOD

Have the link to the VOD?

Description

Time

  • Played on: Sept. 6, 2017, 2:07 p.m.
  • Length: 10:55
Show
View Real Time Build Order
Export as new Build Order

Smetanka Protoss 

Build Orders: Double Forge 

Get SALT Encoding   

  12  0:17  Probe (Chrono Boost)  
  13  0:27  Probe (Chrono Boost)  
  14  0:36  Pylon  
  14  0:38  Probe (Chrono Boost)  
  15  0:47  Assimilator  
  15  0:54  Assimilator, Probe (Chrono Boost)  
  16  1:03  Gateway  
  16  1:08  Gateway  
  16  1:20  Probe (Chrono Boost)  
  17  1:30  Probe (Chrono Boost)  
  18  1:33  Pylon  
  18  1:41  Probe (Chrono Boost)  
  19  1:52  Probe (Chrono Boost)  
  20  2:02  Probe (Chrono Boost)  
  20  2:06  Cybernetics Core  
  21  2:13  Probe (Chrono Boost)  
  22  2:17  Forge  
  22  2:23  Probe (Chrono Boost)  
  23  2:43  Warp Gate  
  23  2:56  Protoss Ground Weapons Level 1, Nexus  
  23  3:09  Pylon  
  23  3:14  Pylon  
  23  3:18  Sentry  
  25  3:21  Sentry  
  27  3:40  Forge  
  27  4:07  Photon Cannon  
  27  4:08  Probe (Chrono Boost)  
  28  4:16  Photon Cannon  
  28  4:19  Probe (Chrono Boost)  
  28  4:21  Protoss Ground Armor Level 1  
  29  4:29  Probe (Chrono Boost)  
  30  4:32  Forge  
  30  4:40  Gateway, Probe (Chrono Boost)  
  31  4:50  Stalker, Probe (Chrono Boost)  
  31  4:51  Stalker  
  36  5:03  Pylon  
  36  5:06  Protoss Shields Level 1  
  36  5:22  Twilight Council  
  36  5:36  Stalker  
  36  5:37  Gateway, Stalker  
  40  6:09  Probe (Chrono Boost)  
  40  6:11  Nexus  
  41  6:12  Assimilator  
  41  6:15  Assimilator  
  41  6:19  Probe (Chrono Boost)  
  42  6:26  Stalker  
  42  6:27  Stalker  
  42  6:30  Probe (Chrono Boost)  
  47  6:40  Probe (Chrono Boost)  
  47  6:42  Pylon  
  47  6:45  Assimilator  
  48  6:50  Assimilator  
  48  6:51  Probe (Chrono Boost)  
  49  7:02  Probe (Chrono Boost)  
  49  7:06  Protoss Ground Weapons Level 2  
  49  7:07  Protoss Ground Armor Level 2  
  50  7:09  Protoss Shields Level 2  
  50  7:12  Probe (Chrono Boost)  
  51  7:19  Stalker  
  54  7:23  Probe (Chrono Boost)  
  54  7:25  Probe (Chrono Boost)  
  55  7:33  Probe (Chrono Boost)  
  55  7:36  Probe (Chrono Boost)  
  57  7:44  Probe (Chrono Boost)  
  58  7:45  Probe (Chrono Boost)  
  58  7:46  Probe (Chrono Boost)  
  60  7:54  Probe (Chrono Boost)  
  61  8:01  Gateway  
  61  8:05  Probe (Chrono Boost)  
  62  8:06  Gateway  
  62  8:15  Probe (Chrono Boost)  
  62  8:18  Stalker  
  62  8:19  Stalker  
  67  8:20  Stalker, Pylon  
  67  8:22  Stalker  
  67  8:26  Probe (Chrono Boost)  
  72  8:41  Templar Archives  
  72  8:44  Robotics Facility  
  72  8:55  Gateway  
  45  9:18  Stalker  
  45  9:19  Stalker  
  45  9:20  Stalker  
  45  9:21  Stalker  
  45  9:22  Stalker  
  45  9:48  Stalker  
  45  9:49  Stalker  
  45  9:50  Stalker  
  45  9:51  Stalker  
  45  9:52  Stalker  
  35  10:15  Stalker  
  35  10:20  Stalker  
  35  10:22  Stalker  
  35  10:25  Stalker  
Show
View Real Time Build Order
Export as new Build Order

Aizo Terran - Winner!

Build Orders:  

Get SALT Encoding   

  12  0:10  Supply Depot  
  12  0:42  Barracks  
  12  0:47  SCV  
  13  0:59  SCV  
  13  1:01  Refinery  
  14  1:11  SCV  
  15  1:23  SCV  
  16  1:31  Supply Depot  
  16  1:33  Marine  
  16  1:37  Orbital Command  
  17  1:51  Marine  
  18  2:05  Factory  
  18  2:07  SCV  
  19  2:09  Marine  
  20  2:19  SCV  
  21  2:27  Marine  
  22  2:41  Barracks  
  22  2:44  Refinery  
  22  2:54  Starport, Marine  
  23  2:58  Factory Reactor  
  23  3:11  Barracks  
  24  3:19  Barracks Tech Lab  
  23  3:20  Command Center  
  23  3:28  Barracks Tech Lab  
  23  3:56  Engineering Bay  
  23  4:01  Barracks Tech Lab  
  23  4:02  Supply Depot  
  23  4:04  Barracks Reactor  
  23  4:12  Marauder  
  23  4:13  Marauder  
  27  4:34  Marauder x2  
  31  4:39  Engineering Bay  
  31  4:42  Supply Depot  
  31  4:55  Marauder  
  33  5:08  Marauder  
  35  5:17  Marauder  
  37  5:24  Orbital Command  
  37  5:29  Marauder  
  39  5:53  Marauder x2  
  39  5:55  Marine  
  44  5:58  Marine  
  44  6:03  Medivac  
  47  6:08  Medivac  
  47  6:11  SCV  
  50  6:13  Marine  
  50  6:14  Marauder x2  
  50  6:16  Marine  
  56  6:30  Marine  
  57  6:33  SCV  
  57  6:34  Marine  
  59  6:42  Marauder  
  59  6:43  Marauder  
  59  6:45  SCV  
  64  6:48  Marine  
  64  6:51  Marine  
  66  6:56  Terran Infantry Armor Level 1  
  66  6:57  SCV  
  67  7:02  Medivac  
  67  7:06  Marine  
  70  7:08  Medivac  
  70  7:09  SCV, Marine  
  70  7:14  Supply Depot, Terran Infantry Weapons Level 1  
  74  7:24  Marine  
  74  7:26  Marauder  
  74  7:27  Marine  
  78  7:35  Marauder  
  80  7:43  Supply Depot  
  80  7:49  SCV  
  81  8:01  SCV  
  82  8:08  Marauder x2  
  86  8:13  SCV  
  86  8:19  Supply Depot  
  87  8:29  Marauder  
  89  8:39  Medivac  
  89  8:40  Medivac  
  93  8:42  Marauder  
  95  8:51  Marauder  
  97  9:03  Marauder  
  86  9:57  Marauder x2  
  86  9:58  Marine x2  
  87  10:15  Marine  
  87  10:16  Marine  
  87  10:18  Marauder x2  
  87  10:21  Medivac x2  
  97  10:33  Marine x2  
Tags
 
Add a new tag
Caveats
  • Supply blocks, unpowered buildings, or Contaminate may cause inaccurate times.
  • Supply counts are checked every 10 seconds.